 Dungeon Crawl Stone Soup version 0.29.0-4-gdea44cf6ec (webtiles) character file.

Game seed: 6644342374854005217

49 qw the Chopper (level 3, -5/21 HPs)
             Began as a Tengu Warper on Aug 28, 2022.
             Slain by a worm (8 damage)
             ... on level 2 of the Dungeon.
             The game lasted 00:00:09 (1339 turns).

qw the Chopper (Tengu Warper)                       Turns: 1339, Time: 00:00:10

Health: -5/21      AC:  5    Str: 13    XL:     3   Next: 75%
Magic:  7/7        EV: 11    Int: 13    God:
Gold:   71         SH:  0    Dex: 13    Spells: 6/6 levels left

rFire   . . .      SeeInvis .   Y - +0 hand axe
rCold   . . .      Faith    .   (no shield)
rNeg    . . .      Spirit   .   i - +0 ring mail
rPois   .          Reflect  .   (helmet restricted)
rElec   .          Harm     .   (no cloak)
rCorr   .          Rampage  .   (no gloves)
Will    +....                   (boots unavailable)
Stlth   +.........              (no amulet)
HPRegen 0.07/turn               b - ring of willpower
MPRegen 0.10/turn               (no ring)

@: no status effects
A: beak, talons 3
a: no special abilities


You were on level 2 of the Dungeon.
You visited 1 branch of the dungeon, and saw 2 of its levels.

You collected 71 gold pieces.


Innate Abilities, Weirdness & Mutations

You have a beak for a mouth.
You have claws for feet.


   Skills:
 - Level 2.0 Fighting
 + Level 4.4 Axes
 - Level 1.0 Throwing
 - Level 1.1 Armour
 - Level 2.1 Dodging
 - Level 2.0 Spellcasting
 - Level 2.4 Translocations


You had 6 spell levels left.
You didn't know any spells.
Your spell library contained the following spells:

 Spells                   Type           Power      Damage    Failure   Level
 Blink                    Tloc           14%        N/A       30%         2
 Gell's Gravitas          Tloc           7%         N/A       52%         3
 Lesser Beckoning         Tloc           7%         N/A       52%         3
 Teleport Other           Tloc           7%         N/A       52%         3
 Manifold Assault         Tloc           7%         N/A       99%         5

Inventory:

Hand Weapons
 l - a +0 flail
 Y - a +0 hand axe (weapon)
Armour
 c - a +0 scale mail
 i - a +0 ring mail (worn)
Jewellery
 b - a ring of willpower (left hand)
Potions
 a - a potion of heal wounds {unknown}
 d - a potion of might {unknown}
 g - a potion of curing {unknown}
 h - a potion of attraction {unknown}
 k - a potion of invisibility {unknown}

Dungeon Overview and Level Annotations

Branches:
Dungeon (2/15)

Altars:


Message History

The endoplasm is heavily wounded.
The endoplasm hits you but does no damage.
You hit the endoplasm. You claw the endoplasm.
You kill the endoplasm!
You now have 71 gold pieces (gained 11).
c - a +0 scale mail
Found a flail.
Found a stone staircase leading down.
You see here a +0 flail.
A kobold comes into view. It is wielding a +0 short sword.
The kobold shouts!
You closely miss the kobold. Your kick misses the kobold.
The kobold hits you with a +0 short sword.
You hit the kobold. Your kick misses the kobold.
The kobold is moderately wounded.
The kobold hits you with a +0 short sword.
A worm comes into view.
You closely miss the kobold.
The kobold is moderately wounded.
The kobold hits you but does no damage.
You barely miss the kobold. You claw the kobold.
The kobold is heavily wounded.
The kobold hits you with a +0 short sword.
You closely miss the kobold. Your kick misses the kobold.
You peck the kobold, but do no damage.
The kobold is heavily wounded.
The kobold closely misses you.
You hit the kobold but do no damage. You claw the kobold.
You kill the kobold!
You hit the worm but do no damage. You peck the worm, but do no damage.
The worm bites you.
You hit the worm.
The worm is moderately wounded.
You barely miss the worm. You claw the worm.
The worm is heavily wounded.
The worm bites you.
You hit the worm. Your kick misses the worm.
The worm is severely wounded.
The worm bites you!
You die...

####......#................#
##.###................#.#
##....##.#.....#........#
##.........######.......##
##.......#.........##.####
#................###..#
#................# ....
#................. ...
#.........@w...... ..
#........)#######.
#.........#######.
#.................
#.........######..
#.........# #.....>...#
##.......## ##.....##


You could see a worm.

Vanquished Creatures
  2 adders (D:2)
  2 bats (D:1)
  2 endoplasms
  3 giant cockroaches (D:1)
  2 hobgoblins (D:1)
  2 jackals (D:1)
  6 kobolds
  3 ball pythons (D:1)
  3 frilled lizards (D:1)
  A goblin (D:1)
  3 rats
29 creatures vanquished.

Notes
Turn   | Place    | Note
-------+----------+-------------------------------------------
     0 | D:1      | qw the Tengu Warper began the quest for the Orb.
     0 | D:1      | Reached XP level 1. HP: 12/12 MP: 4/4
     0 | D:1      | 0 ||| qw: Version: 0.1-a-89-g26bdef1
     0 | D:1      | 0 ||| qw: Game counter: 154
     0 | D:1      | 0 ||| qw: Always use a shield: true
     0 | D:1      | 0 ||| qw: God list: Okawaru
     0 | D:1      | 0 ||| qw: Allow faded altars: false
     0 | D:1      | 0 ||| qw: Do Orc after D:15 true
     0 | D:1      | 0 ||| qw: Do second Lair branch before Depths: true
     0 | D:1      | 0 ||| qw: Lair rune preference: random
     0 | D:1      | 0 ||| qw: Plans: Normal
     0 | D:1      | 0 ||| PLANNING D:1-11
    53 | D:1      | 53 ||| Stepping ~*~*~tactically~*~*~ (stealth).
    76 | D:1      | Reached XP level 2. HP: 17/17 MP: 6/6
   144 | D:1      | Reached skill level 3 in Axes
   634 | D:1      | 634 ||| DROPPING +0 club.
   660 | D:1      | 660 ||| Stepping ~*~*~tactically~*~*~ (stealth).
   668 | D:1      | 668 ||| Stepping ~*~*~tactically~*~*~ (stealth).
   676 | D:1      | 676 ||| Stepping ~*~*~tactically~*~*~ (stealth).
   696 | D:1      | Reached XP level 3. HP: 21/21 MP: 7/7
   726 | D:1      | 726 ||| Stepping ~*~*~tactically~*~*~ (stealth).
   779 | D:1      | 779 ||| UPGRADING to +0 ring mail.
   789 | D:1      | 789 ||| DROPPING +0 leather armour.
   790 | D:1      | 790 ||| READING scroll labelled VUAJON OTITH.
   791 | D:1      | 791 ||| READING scroll labelled OTWUUGHISCHI.
   794 | D:1      | 794 ||| READING scroll labelled YPTEMA LOMIKE.
   917 | D:1      | 917 ||| READING scroll labelled JONOCY NIO.
  1018 | D:1      | 1018 ||| READING scroll labelled FAMOTR ZAVVERAOTT.
  1019 | D:1      | 1019 ||| DROPPING scroll of blinking.
  1061 | D:2      | Reached skill level 4 in Axes
  1061 | D:2      | Found a faded altar of an unknown god.
  1094 | D:2      | 1094 ||| FLEEEEING.
  1095 | D:2      | 1095 ||| FLEEEEING.
  1096 | D:2      | 1096 ||| FLEEEEING.
  1097 | D:2      | 1097 ||| FLEEEEING.
  1098 | D:2      | 1098 ||| FLEEEEING.
  1099 | D:2      | 1099 ||| FLEEEEING.
  1100 | D:2      | 1100 ||| FLEEEEING.
  1105 | D:2      | 1105 ||| STAIRDANCE
  1258 | D:1      | 1258 ||| UPGRADING to ring of willpower.
  1338 | D:2      | HP: 3/21 [worm (6)]
  1339 | D:2      | Slain by a worm

Levels and vault maps discovered:
D:1:      wander_arrival_estate, layout_rooms, hangedman_feature_mirror,
          minmay_misc_feat_rugged
D:2:      layout_rooms, hellmonk_ecumenical_altar_run_dry,
          kennysheep_generic_room_9, uniq_jessica

Skill      XL: |  1  2  3 |
---------------+----------+-----
Axes           | 3 4 |  4.4
Fighting       | |  2.0
Throwing       | |  1.0
Armour         | |  1.1
Dodging        | |  2.1
Spellcasting   | |  2.0
Translocations | |  2.4

Action                   || total
-------------------------++-------
Melee: Hand axe          ||    74
       Kick              ||    18
       Peck              ||     9
Throw: Boomerang         ||     7
  Use: Scroll            ||     5
Armor: Leather armour    ||     7
       Ring mail         ||     7
Dodge: Dodged            ||    32

Table legend:
 A = Non-vault XP
 B = Vault XP
 C = Vault XP percentage of total XP
 D = Non-vault monster count
 E = Vault monster count
 F = Vault count percentage of total count
                 A         B        C        D         E       F
            +---------+---------+-------+---------+---------+-------
      Total |      67 |       3 |   4.3 |      27 |       2 |   6.9
            +---------+---------+-------+---------+---------+-------
        D:1 |      34 |       3 |   8.1 |      22 |       2 |   8.3
        D:2 |      33 |       0 |   0.0 |       5 |       0 |   0.0
            +---------+---------+-------+---------+---------+-------
